Map: Traitor's Exile

Players

llllllllllll

  • Race: Terran Terran
  • League: Master
  • Spawn Location: 9:00

PandAscHibA

  • Race: Zerg Zerg
  • League: Master
  • Spawn Location: 12:00

LOADBLASTER - Winner!

  • Race: Terran Terran
  • League: Grandmaster
  • Spawn Location: 5:00

PureLegacy - Winner!

  • Race: Terran Terran
  • Spawn Location: 6:00

VOD

Have the link to the VOD?

Description

Time

  • Played on: Nov. 30, 2018, 3:12 p.m.
  • Length: 14:20
Show
View Real Time Build Order
Export as new Build Order

llllllllllll Terran 

Build Orders:  

Get SALT Encoding   

  12  0:00  SCV  
  13  0:12  SCV  
  14  0:18  Supply Depot  
  14  0:25  SCV  
  15  0:29  Refinery  
  15  0:39  SCV  
  16  0:46  Barracks  
  16  0:53  SCV  
  17  1:05  SCV  
  17  1:06  Barracks  
  18  1:20  Barracks  
  18  1:33  Reaper  
  18  1:37  Orbital Command  
  19  1:46  Supply Depot  
  19  1:53  Reaper  
  20  1:57  Refinery  
  20  2:05  Reaper  
  21  2:08  Reaper  
  21  2:10  SCV  
  23  2:18  Supply Depot  
  23  2:26  Reaper  
  24  2:33  SCV  
  25  2:37  Reaper  
  25  2:43  Reaper  
  27  2:45  SCV  
  28  2:58  Reaper  
  28  3:02  Barracks  
  28  3:03  Barracks  
  29  3:09  Reaper  
  30  3:15  Reaper  
  31  3:27  SCV  
  31  3:30  Reaper  
  33  3:37  Supply Depot  
  33  3:39  SCV  
  34  3:52  SCV  
  34  3:53  Reaper  
  38  4:04  SCV  
  39  4:11  Engineering Bay  
  39  4:16  SCV  
  41  4:26  Marine x4, Barracks Tech Lab  
  41  4:28  SCV  
  40  4:41  Missile Turret  
  40  4:44  Marine x2  
  41  4:46  Marine  
  41  4:50  Marine  
  42  4:53  Factory  
  42  4:54  Marine  
  42  5:02  Marine x2  
  42  5:03  Stimpack  
  42  5:04  Marine  
  45  5:09  Marine  
  45  5:14  Missile Turret  
  46  5:15  Marine  
  46  5:23  Marine  
  47  5:31  Marine  
  47  5:32  Supply Depot  
  47  5:37  Marine  
  46  5:43  Starport  
  46  5:45  Marine x2  
  46  5:46  Marine  
  47  5:51  Supply Depot  
  47  5:52  Factory Reactor, Supply Depot  
  47  5:56  Marine  
  48  5:57  Marine  
  48  6:01  Missile Turret  
  49  6:05  Marine x2  
  49  6:07  SCV  
  49  6:11  Marine  
  52  6:13  Marine  
  52  6:15  Marine  
  55  6:19  SCV  
  55  6:23  Marine  
  56  6:29  Marine  
  54  6:44  Marine x2  
  54  6:46  Medivac x2  
  60  6:52  Marine  
  60  6:53  Marine  
  59  7:02  Marine x2  
  58  7:10  Marine  
  58  7:14  Combat Shield  
  58  7:15  SCV  
  59  7:16  Medivac  
  59  7:22  Marine  
  60  7:23  Marine  
  60  7:26  Marine  
  60  7:29  Marine  
  63  7:46  Marine x2  
  63  7:47  Marine  
  63  7:50  Marine  
  66  8:04  Marine  
  67  8:13  Marine, Command Center  
  66  8:38  Marine x4  
  69  8:46  SCV  
  70  8:54  Supply Depot  
  70  8:55  Marine  
  70  9:01  Marine  
  69  9:04  Marine x2  
  69  9:06  SCV  
  71  9:16  Marine  
  72  9:18  Terran Infantry Weapons Level 1  
  72  9:24  Supply Depot  
  72  9:45  Marine  
  73  9:46  Marine  
  73  9:50  Marine  
  73  9:52  Marine  
  76  9:58  Orbital Command  
  76  10:04  Marine  
  77  10:09  Marine  
  77  10:11  SCV  
  79  10:14  Marine  
  79  10:17  Marine  
  79  10:18  Medivac  
  83  10:26  Marine  
  83  10:27  Marine  
  85  10:32  SCV  
  86  10:35  Marine  
  86  10:37  Medivac  
  86  10:40  Marine  
  90  10:45  Marine  
  90  10:49  Marine  
  92  10:53  Marine  
  62  11:15  Marine x4  
  62  11:18  Viking x2, SCV  
  62  11:19  Terran Infantry Armor Level 1  
  62  11:20  SCV  
  64  11:30  SCV  
  65  11:33  Marine x4  
  69  11:50  Medivac, Marine  
  69  11:51  Marine x3, SCV  
  76  11:59  SCV  
  72  12:08  Marine x2  
  72  12:09  Medivac, Marine x2  
  68  12:26  Marine x3  
  68  12:27  Marine  
  68  12:29  SCV  
  60  12:31  SCV  
  61  12:41  SCV  
  61  12:43  SCV  
  63  12:44  Marine x4  
  67  12:54  Factory Tech Lab, Medivac  
  67  12:55  Medivac  
  71  13:02  Marine x4  
  75  13:17  SCV  
  76  13:20  Marine x4, Command Center  
  76  13:22  Siege Tank  
  76  13:25  SCV  
  83  13:30  Armory  
  81  13:37  Marine  
  81  13:38  Marine x2  
  81  13:39  Marine  
  78  13:55  Marine  
  78  13:57  Marine  
Show
View Real Time Build Order
Export as new Build Order

PandAscHibA Zerg 

Build Orders: Pool First, Ravager All-In 

Get SALT Encoding   

  12  0:01  Drone  
  13  0:15  Drone  
  14  0:26  Spawning Pool  
  13  0:30  Drone  
  14  0:39  Overlord  
  14  0:52  Extractor  
  13  0:59  Drone  
  13  1:00  Drone  
  15  1:15  Queen  
  15  1:17  Roach Warren, Extractor  
  15  1:20  Drone  
  16  1:42  Drone  
  16  1:45  Overlord  
  17  1:59  Roach x2  
  21  2:06  Roach  
  23  2:19  Ravager x2  
  25  2:26  Ravager  
  26  2:34  Roach x2  
  30  2:43  Overlord  
  30  3:13  Roach x3  
  36  3:26  Ravager x2  
  38  4:00  Ravager x2  
  38  4:01  Ravager  
  38  4:02  Overlord  
  38  4:37  Roach x5  
  39  4:47  Drone x3  
  42  4:59  Spore Crawler  
  32  5:10  Ravager x3  
  32  5:11  Drone x2  
  34  5:37  Hatchery  
  34  5:40  Drone x2  
  34  5:41  Drone  
  36  5:56  Drone x2  
  38  5:58  Spore Crawler  
  38  6:03  Spore Crawler  
  31  6:13  Drone x2  
  31  6:14  Spore Crawler, Drone  
  33  6:49  Hatchery  
  32  6:59  Drone x3, Queen  
  24  7:38  Lair  
  24  7:40  Drone  
  24  7:41  Drone x2  
  27  8:01  Queen  
  27  8:02  Drone x3  
  32  8:13  Roach x4  
  40  8:23  Overlord x2  
  40  8:36  Overseer  
  40  8:41  Drone  
  40  8:42  Drone x4  
  45  8:49  Drone x2  
  47  9:04  Drone x2  
  49  9:13  Hatchery  
  49  9:14  Baneling Nest, Drone x4  
  51  9:23  Drone x4  
  55  9:31  Drone  
  55  9:36  Spore Crawler  
  50  9:41  Drone x3  
  50  9:44  Spore Crawler  
  45  9:56  Drone  
  44  10:01  Centrifical Hooks  
  44  10:04  Overseer  
  44  10:06  Queen  
  46  10:07  Drone  
  46  10:09  Drone x3  
  50  10:14  Spore Crawler  
  50  10:21  Spore Crawler  
  48  10:25  Drone x2  
  51  10:36  Evolution Chamber  
  51  10:37  Evolution Chamber  
  48  11:01  Overlord  
  48  11:06  Hatchery  
  48  11:08  Zerg Melee Weapons Level 1, Zerg Ground Armor Level 1  
  47  11:21  Zergling x2  
  47  11:22  Zergling x8  
  52  11:28  Spore Crawler  
  51  11:36  Spore Crawler  
  51  11:39  Spore Crawler  
  49  11:43  Baneling x2  
  49  11:44  Baneling x4  
  49  11:53  Zergling x2  
  51  11:54  Zergling x4  
  51  11:56  Spore Crawler  
  51  11:59  Overlord x2  
  51  12:00  Metabolic Boost  
  53  12:22  Zergling x2  
  53  12:23  Zergling x20  
  53  12:28  Queen  
  65  12:32  Spore Crawler  
  64  12:38  Infestation Pit  
  63  12:46  Baneling  
  63  12:47  Baneling x14  
  63  12:54  Drone x4  
  67  12:59  Overseer  
  67  13:18  Infestor x2  
  70  13:22  Overlord  
  70  13:41  Zergling x8  
Show
View Real Time Build Order
Export as new Build Order

LOADBLASTER Terran - Winner!

Build Orders: 1/1/1, Banshee Rush 

Get SALT Encoding   

  12  0:00  SCV  
  13  0:13  SCV  
  14  0:18  Supply Depot  
  14  0:25  SCV  
  15  0:37  Refinery  
  15  0:40  SCV  
  16  0:46  Barracks  
  16  0:52  SCV  
  17  1:00  Refinery  
  17  1:04  SCV  
  18  1:16  SCV  
  19  1:33  Barracks Reactor  
  19  1:34  Orbital Command  
  19  1:41  Factory  
  19  1:47  Supply Depot  
  19  2:01  SCV  
  20  2:09  Marine x2  
  20  2:13  SCV  
  23  2:25  SCV  
  23  2:26  Factory Tech Lab, Starport  
  23  2:27  Marine  
  23  2:28  Marine  
  27  2:47  Marine x2  
  27  2:50  Supply Depot  
  28  2:52  SCV  
  28  2:54  Hellion  
  31  3:04  Marine  
  31  3:11  Banshee  
  32  3:17  Marine  
  31  3:23  SCV  
  31  3:25  Hellion  
  31  3:27  Cloaking Field  
  29  3:35  Marine  
  29  3:38  SCV  
  26  3:53  Marine  
  26  4:07  Banshee  
  29  4:11  Marine  
  30  4:20  Factory Tech Lab  
  30  4:25  SCV  
  25  4:44  SCV  
  25  4:50  Banshee  
  28  4:56  SCV  
  29  5:13  Marine  
  30  5:32  Banshee  
  33  5:52  Command Center  
  33  5:56  Barracks Reactor  
  33  6:07  Siege Tank  
  36  6:15  Banshee  
  36  6:17  Supply Depot  
  39  6:38  Marine x2, SCV  
  42  6:44  Siege Tank  
  45  6:47  Supply Depot  
  45  6:51  SCV  
  46  6:56  Marine  
  47  7:03  Banshee  
  47  7:06  Orbital Command  
  50  7:11  SCV  
  50  7:13  Marine  
  52  7:20  Siege Tank  
  55  7:23  SCV  
  56  7:35  SCV  
  56  7:36  SCV  
  58  7:38  Marine  
  59  7:48  Marine, SCV x2, Banshee  
  65  8:00  SCV x2, Hyperflight Rotors  
  65  8:05  Supply Depot  
  67  8:12  SCV x2  
  69  8:14  Marine  
  70  8:21  Refinery x2  
  70  8:26  Marine  
  70  8:27  SCV x2  
  73  8:32  Marine, Banshee  
  77  8:39  SCV  
  72  8:44  Marine  
  72  8:47  Supply Depot  
  73  8:49  Siege Tank  
  76  8:58  Factory  
  76  9:20  Armory, SCV  
  76  9:21  Factory  
  76  9:22  Supply Depot  
  77  9:31  SCV  
  78  9:32  Command Center  
  78  9:48  Banshee  
  78  9:50  SCV x2  
  78  9:52  Factory Tech Lab  
  83  9:53  Siege Tank  
  87  10:08  Hellion  
  87  10:09  Hellion  
  93  10:14  Siege Tank  
  93  10:20  Supply Depot  
  93  10:23  Supply Depot  
  93  10:26  Terran Vehicle Weapons Level 1  
  93  10:41  Hellion, Banshee  
  100  10:43  Hellion  
  100  10:53  Hellion, Siege Tank  
  105  11:06  Hellion  
  85  11:13  Hellion  
  85  11:14  Siege Tank  
  87  11:20  Orbital Command  
  87  11:22  Barracks  
  87  11:24  Factory, Banshee  
  90  11:29  Factory  
  90  11:32  Hellion  
  95  11:40  SCV x2  
  95  11:46  Hellion  
  96  11:52  SCV x2  
  101  11:55  Orbital Command  
  101  11:57  Hellion  
  103  12:06  Thor  
  103  12:09  Thor  
  103  12:13  Factory Tech Lab  
  109  12:20  Factory Reactor, SCV  
  110  12:23  SCV  
  110  12:25  SCV  
  112  12:30  Refinery  
  112  12:32  SCV  
  112  12:33  Refinery  
  112  12:35  SCV  
  114  12:37  Raven  
  114  12:42  SCV  
  117  12:45  SCV  
  117  12:48  SCV  
  119  12:54  Supply Depot, SCV  
  120  12:59  Siege Tank x2  
  126  13:07  Siege Tank  
  126  13:08  Hellion  
  126  13:12  SCV  
  132  13:13  SCV  
  133  13:23  Hellion  
  133  13:24  SCV x2  
  137  13:27  SCV  
  137  13:31  Siege Tank  
  141  13:35  Supply Depot  
  141  13:53  Hellion, SCV  
  141  13:55  Hellion  
  141  13:57  Hellion, SCV  
Show
View Real Time Build Order
Export as new Build Order

PureLegacy Terran - Winner!

Build Orders:  

Get SALT Encoding   

  12  0:00  SCV  
  13  0:13  SCV  
  14  0:18  Supply Depot  
  14  0:25  SCV  
  15  0:31  Refinery  
  15  0:40  SCV  
  16  0:47  Barracks  
  16  0:52  SCV  
  17  1:05  Barracks  
  17  1:16  Barracks  
  17  1:21  SCV  
  18  1:34  Reaper  
  18  1:38  Orbital Command  
  19  1:48  Refinery  
  19  1:52  Reaper  
  20  2:02  Supply Depot  
  20  2:05  Reaper  
  21  2:10  Reaper  
  22  2:16  SCV  
  23  2:25  Supply Depot  
  23  2:26  Reaper  
  23  2:28  SCV  
  25  2:40  Reaper  
  25  2:45  Reaper  
  26  2:51  Barracks  
  26  2:55  Barracks  
  26  2:58  Reaper  
  27  3:12  Reaper  
  27  3:27  Reaper  
  27  3:32  Reaper  
  29  3:36  SCV  
  30  3:45  Reaper  
  30  3:46  Reaper x2  
  29  3:59  Reaper  
  29  4:03  SCV  
  29  4:05  Reaper  
  29  4:08  Command Center  
  27  4:25  Reaper  
  9  5:02  SCV  
  9  5:14  SCV  
  10  5:26  SCV  
  10  5:38  SCV  
  10  5:40  Marine x3  
  10  5:41  Marine  
  15  5:50  SCV  
  16  5:58  Marine x3  
  16  6:02  SCV  
  21  6:14  SCV  
  21  6:16  Marine x3  
  24  6:23  Orbital Command  
  24  6:37  Barracks Tech Lab  
  24  6:51  Marine x3  
  26  7:00  SCV  
  26  7:12  SCV  
  26  7:23  SCV  
  26  7:24  SCV  
  23  7:31  Marine x2  
  23  7:37  SCV x2  
  26  7:44  Marine  
  26  7:49  SCV x2  
  29  7:59  Stimpack  
  29  8:02  SCV x2  
  31  8:11  Marine x3  
  34  8:14  SCV  
  35  8:20  SCV  
  35  8:25  Marine  
  37  8:31  SCV  
  38  8:38  SCV  
  38  8:39  Factory  
  39  8:43  SCV  
  39  8:47  Refinery  
  40  8:50  SCV  
  40  8:53  Marine x3  
  45  8:58  SCV  
  45  9:02  SCV  
  46  9:14  Supply Depot  
  46  9:16  Supply Depot  
  46  9:17  Barracks Reactor  
  46  9:32  Barracks Reactor  
  46  9:33  Starport  
  46  9:36  SCV x2  
  48  9:40  Factory Reactor  
  48  9:44  Supply Depot  
  46  9:54  Marine x3  
  46  9:55  SCV, Orbital Command  
  50  10:09  SCV  
  50  10:12  Marine x3, Combat Shield  
  52  10:22  SCV x2  
  54  10:33  Medivac  
  54  10:34  Medivac, SCV  
  59  10:40  Marine x4  
  59  10:41  Marine  
  64  10:43  SCV  
  64  10:48  Supply Depot  
  65  10:55  Engineering Bay, SCV  
  66  10:57  SCV  
  62  11:16  Medivac  
  62  11:17  Medivac  
  62  11:18  SCV x2  
  68  11:20  Refinery, Factory Tech Lab  
  68  11:21  Refinery  
  68  11:22  Supply Depot  
  68  11:24  Marine  
  68  11:25  Marine x4  
  73  11:34  SCV x2  
  73  11:36  Terran Infantry Weapons Level 1  
  75  11:46  Supply Depot  
  75  11:48  Supply Depot  
  75  11:50  Marine x4  
  75  11:51  Marine  
  80  11:56  Siege Tank  
  80  11:58  SCV x2  
  85  12:19  Medivac x2  
  85  12:21  SCV x2  
  91  12:24  Barracks  
  91  12:25  Barracks  
  91  12:29  Marine x2  
  72  12:30  Marine x3  
  72  12:33  Siege Tank  
  79  12:45  Command Center  
  79  12:47  Marine  
  79  12:51  Marine x4  
  80  12:56  Supply Depot  
  84  13:05  Marine  
  85  13:08  Medivac x2  
  85  13:12  Supply Depot  
  89  13:21  Marine, Barracks Reactor x2  
  89  13:22  Marine x3  
  93  13:33  Marine  
  94  13:34  Siege Tank  
  94  13:39  Supply Depot, Marine x2  
  99  13:56  Marine x3  
  99  14:01  Marine x2  
Tags
 
Add a new tag
Caveats
  • Supply blocks, unpowered buildings, or Contaminate may cause inaccurate times.
  • Supply counts are checked every 10 seconds.